AoeStats
← 牛春花板面

MegaRandom

504398484Analyzed
3v3 RM · 27d ago on Sep 5, 2026· 38m 55s· 6 players
Game mode
Random Map
Map size
Normal (6 player)
Population
200
Speed
Normal
Resources
Standard
Victory
Conquest
Starting age
Dark Age
Ending age
Imperial Age
RankedLock teamsTeams togetherTeam positionsShared explorationLock speedFull tech treeHidden civsTurbo modeCheats
Victory
Defeat
🇵🇪 Huns · Peru
993
+16
🇺🇸 Mongols · United States
982
+16
🇺🇸 Khmer · United States
978
+17
🇨🇳 Huns · China
1008
-17
🇨🇦 Malians · Canada
987
-16
🇨🇦 Persians · Canada
981
-16
duval0408
6:54 Loom
11:47 Feudal Age
16:20 Castle Age
15:01 Double-Bit Axe
16:27 Gold Mining
17:54 Bloodlines
35:00 Scale Barding Armor
37:55 Bow Saw
dasorux
12:18 Feudal Age
13:43 Loom
24:17 Castle Age
31:03 Town Watch
牛春花板面
8:39 Loom
Xavi
9:11 Feudal Age
12:51 Bloodlines
14:28 Loom
18:45 Castle Age
18:24 Forging
18:02 Double-Bit Axe
18:52 Scale Barding Armor
23:40 Bow Saw
26:18 Stone Mining
30:29 Husbandry
34:16 Fletching
36:30 Ballistics
35:49 Pikeman
37:32 Bodkin Arrow
38:34 Padded Archer Armor
38:55 Chain Barding Armor
gxapolinario95
6:00 Loom
11:49 Feudal Age
14:52 Castle Age
16:19 Gold Mining
16:16 Double-Bit Axe
20:25 Bloodlines
21:26 Fletching
25:41 Crossbowman
29:40 Bodkin Arrow
29:51 Scale Barding Armor
30:14 Pikeman
31:34 Wheelbarrow
36:10 Padded Archer Armor
Enocxd123
8:30 Loom
14:00 Feudal Age
15:32 Wheelbarrow
21:28 Castle Age
22:24 Bloodlines
22:14 Husbandry
22:31 Hand Cart
25:10 Scale Barding Armor
27:17 Chain Barding Armor
27:07 Forging
Connection lost

Rejoining the realm…

Still unreachable

The connection could not be restored.

Session expired

The server has moved on; the page needs a fresh start.